General information
- name: BNet
- type: Ladder 1vs1/FFA
- host: Battle.net
- saver: ZombieMachoMan
map: TerenasStand
- players: 2
- length: 22:24
- speed: Fast
- version: 1.26 W3XP
- replay type: Public
» download(60 KB)
Players
team 1 (loser)
Juju-UndeadNed (
red | 21 APM | 479 actions | 22:23)
1 Crypt Lord
1 Carrion Beetles
» actions
| Build / train | 53 | |
| Enter build submenu | 21 | |
| Enter hero's abilities submenu | 1 | |
| Right click | 160 | |
| Select / deselect | 217 | |
| Use ability | 27 | |
479 total
» units
| Acolyte | 21 | |
| Ghoul | 9 | |
| Frost Wyrm | 7 | |
37 total
» upgrades
| Creature Attack | 3 | |
| Creature Carapace | 3 | |
| Freezing Breath | 1 | |
7 total
» buildings
| Crypt | 1 | |
| Altar of Darkness | 1 | |
| Graveyard | 2 | |
| Ziggurat | 10 | |
| Tomb of Relics | 1 | |
| Spirit Tower | 5 | |
| Halls of the Dead | 1 | |
| Sacrificial Pit | 1 | |
| Black Citadel | 1 | |
| Boneyard | 2 | |
25 total
» build order
01:01 Crypt
01:07 Altar of Darkness
01:27 Graveyard
01:43 Graveyard
01:59 Ziggurat
02:07 Ziggurat
02:44 Tomb of Relics
02:54 Ziggurat
03:04 Ziggurat
03:34 Spirit Tower
04:26 Halls of the Dead
04:39 Spirit Tower
08:19 Sacrificial Pit
08:21 Black Citadel
08:26 Ziggurat
08:35 Ziggurat
08:41 Ziggurat
08:48 Ziggurat
08:53 Ziggurat
08:57 Ziggurat
09:35 Spirit Tower
10:17 Spirit Tower
10:19 Spirit Tower
10:44 Boneyard
10:49 Boneyard
team 2 (winner)
ZombieMachoMan (
blue | 70 APM | 1578 actions | 22:24)
6 Paladin
2 Holy Light
3 Divine Shield
1 Resurrection
5 Goblin Tinker
2 Pocket Factory
1 Cluster Rockets
2 Engineering Upgrade
» actions
| Assign group hotkey | 31 | |
| Basic commands | 112 | |
| Build / train | 100 | |
| Enter build submenu | 33 | |
| Enter hero's abilities submenu | 11 | |
| Give item / drop item | 8 | |
| Right click | 618 | |
| Select / deselect | 369 | |
| Select group hotkey | 109 | |
| Use ability | 187 | |
1578 total
» units
| Peasant | 18 | |
| Footman | 7 | |
| Goblin Shredder | 1 | |
| Goblin Zeppelin | 2 | |
| Dragonhawk Rider | 2 | |
30 total
» upgrades
| Defend | 1 | |
| Animal War Training | 1 | |
| Magic Sentry | 1 | |
| Masonry | 1 | |
| Sorceress Training | 1 | |
5 total
» buildings
| Barracks | 1 | |
| Altar of Kings | 1 | |
| Farm | 8 | |
| Scout Tower | 25 | |
| Arcane Tower | 5 | |
| Town Hall | 2 | |
| Arcane Vault | 1 | |
| Lumber Mill | 1 | |
| Guard Tower | 10 | |
| Keep | 1 | |
| Blacksmith | 1 | |
| Castle | 1 | |
| Arcane Sanctum | 1 | |
| Gryphon Aviary | 3 | |
61 total
» build order
00:06 Barracks
00:11 Altar of Kings
00:41 Farm
00:48 Farm
01:51 Scout Tower
02:01 Farm
02:34 Arcane Tower
02:35 Arcane Tower
02:35 Arcane Tower
02:55 Farm
04:04 Scout Tower
04:29 Town Hall
04:30 Scout Tower
04:35 Arcane Vault
04:55 Lumber Mill
05:05 Arcane Tower
05:52 Guard Tower
05:52 Scout Tower
05:53 Scout Tower
06:25 Guard Tower
06:46 Scout Tower
06:50 Scout Tower
06:50 Scout Tower
06:51 Guard Tower
07:16 Keep
07:19 Farm
07:24 Scout Tower
07:25 Scout Tower
07:26 Scout Tower
07:26 Scout Tower
07:27 Scout Tower
07:28 Scout Tower
07:52 Farm
07:54 Blacksmith
07:57 Guard Tower
07:59 Scout Tower
08:00 Scout Tower
08:02 Scout Tower
08:40 Guard Tower
09:00 Guard Tower
09:18 Guard Tower
09:28 Guard Tower
09:48 Guard Tower
09:48 Castle
10:13 Arcane Sanctum
13:16 Town Hall
13:20 Scout Tower
13:21 Scout Tower
13:22 Scout Tower
13:23 Scout Tower
13:24 Scout Tower
13:25 Scout Tower
13:29 Scout Tower
13:30 Scout Tower
13:56 Gryphon Aviary
13:58 Gryphon Aviary
14:31 Gryphon Aviary
14:32 Farm
16:47 Arcane Tower
16:48 Guard Tower
17:45 Farm
» items
| Boots of Speed | 1 | |
| Staff of Teleportation | 1 | |
| Lesser Clarity Potion | 6 | |
| Mechanical Critter | 3 | |
| Scroll of Regeneration | 5 | |
| Potion of Healing | 3 | |
| Potion of Mana | 3 | |
| Orb of Fire | 2 | |
| Scroll of Town Portal | 3 | |
| Staff of Sanctuary | 2 | |
| Tome of Retraining | 1 | |
| Periapt of Vitality | 1 | |
| Potion of Invisibility | 1 | |
| Potion of Lesser Invulnerability | 1 | |
33 total
Chat log
(06:35 / All) Juju-UndeadNed: ur a fag dude
(06:41 / All) Juju-UndeadNed: is that6 ur strategy?
(10:59 / All) Juju-UndeadNed: gtfo
(15:47 / All) Juju-UndeadNed: pro noob?